3AAA
SIOUX FALLS RED PANDAS @ GRYFINDOR BRAVES
07/18/2034
 
TOP OF THE 1ST
Sioux Falls Red Pandas batting - Pitching for Gryfindor Braves : LHP Javier Roldán
Pitching: LHP Javier Roldán
Batting: RHB Enrique Morales 0-0: Called Strike
0-1: Fly out, F7 (Flyball, 7)
Batting: RHB Wilfred McLaughlin 0-0: Ball
1-0: SINGLE (Groundball, 34D)
Batting: RHB Gary Chalmers 0-0: Ball
1-0: Ball
2-0: Called Strike
2-1: Ball
3-1: Foul Ball, location: 2F
3-2: Strikes out looking
Batting: RHB Oliver Aranda 0-0: Called Strike
0-1: Foul Ball, location: 2F
0-2: Ball
1-2: Foul Ball, location: 2F
1-2: Fly out, F8 (Line Drive, 8RD)
Top of the 1st over - 0 runs, 1 hit, 0 errors, 1 left on base; Sioux Falls 0 - Gryfindor 0
BOTTOM OF THE 1ST
Gryfindor Braves batting - Pitching for Sioux Falls Red Pandas : RHP Domingo Velasco
Pitching: RHP Domingo Velasco
Batting: LHB José Cuervo 0-0: Foul Ball, location: 2F
0-1: Foul Ball, location: 2F
0-2: Ball
1-2: Ball
2-2: Ball
3-2: SINGLE (Line Drive, 4D)
Batting: RHB Javier López 0-0: Called Strike
José Cuervo steals 2nd base
0-1: Called Strike
0-2: Ball
1-2: Fly out, F5 (Popup, 56)
Batting: RHB Akke Derksen 0-0: SINGLE (Line Drive, 56D)
José Cuervo to third
Batting: LHB Robby Young 0-0: Ball
1-0: Called Strike
1-1: Ball
2-1: Ball
3-1: Fly out, F4 (Line Drive, 4)
Batting: LHB Austin Hathaway 0-0: Called Strike
0-1: Foul Ball, location: 2F
0-2: Fly out, F8 (Flyball, 8LD)
Bottom of the 1st over - 0 runs, 2 hits, 0 errors, 2 left on base; Sioux Falls 0 - Gryfindor 0
TOP OF THE 2ND
Sioux Falls Red Pandas batting - Pitching for Gryfindor Braves : LHP Javier Roldán
Batting: RHB Eric D'Angle 0-0: Ball
1-0: Called Strike
1-1: Ball
2-1: Fly out, F7 (Line Drive, 7S)
Batting: RHB Miguel Morán 0-0: Ball
1-0: SINGLE (Groundball, 56D)
Batting: RHB Steve Irwin 0-0: Called Strike
0-1: Ball
1-1: Ball
2-1: Fly out, F7 (Flyball, 78D)
Batting: LHB Jorge Vélez 0-0: Called Strike
0-1: Foul Ball, location: 2F
0-2: Foul Ball, location: 2F
0-2: Ball
1-2: DOUBLE (Line Drive, 9LS)
Miguel Morán to third
Batting: RHB Martinus Xhaka 0-0: Called Strike
0-1: Ball
1-1: Called Strike
1-2: Strikes out swinging
Top of the 2nd over - 0 runs, 2 hits, 0 errors, 2 left on base; Sioux Falls 0 - Gryfindor 0
BOTTOM OF THE 2ND
Gryfindor Braves batting - Pitching for Sioux Falls Red Pandas : RHP Domingo Velasco
Batting: LHB Cris Gonzáles 0-0: Foul Ball, location: 2F
0-1: Swinging Strike
0-2: Ball
1-2: Fly out, F8 (Flyball, 8RS)
Batting: RHB Randy Rehling 0-0: Called Strike
0-1: Ball
1-1: Ball
2-1: Ball
3-1: Fly out, F7 (Flyball, 78S)
Batting: SHB Adrián Zamudio 0-0: Ball
1-0: Called Strike
1-1: DOUBLE (Line Drive, 9LM)
Batting: RHB Ernesto Souza 0-0: Ball
1-0: Ball
2-0: Ball
3-0: Called Strike
3-1: Foul Ball, location: 2F
3-2: Foul Ball, location: 2F
3-2: Strikes out swinging
Bottom of the 2nd over - 0 runs, 1 hit, 0 errors, 1 left on base; Sioux Falls 0 - Gryfindor 0
TOP OF THE 3RD
Sioux Falls Red Pandas batting - Pitching for Gryfindor Braves : LHP Javier Roldán
Batting: RHB Enrique Morales 0-0: Fly out, F6 (Line Drive, 6M)
Batting: RHB Wilfred McLaughlin 0-0: Ball
1-0: Called Strike
1-1: Ball
2-1: Called Strike
2-2: Strikes out looking
Batting: RHB Gary Chalmers 0-0: Called Strike
0-1: Ball
1-1: Foul Ball, location: 2F
1-2: Ball
2-2: Ball
3-2: Fly out, F6 (Popup, 6M)
Top of the 3rd over - 0 runs, 0 hits, 0 errors, 0 left on base; Sioux Falls 0 - Gryfindor 0
BOTTOM OF THE 3RD
Gryfindor Braves batting - Pitching for Sioux Falls Red Pandas : RHP Domingo Velasco
Batting: LHB José Cuervo 0-0: Ground out 1-3 (Groundball, 15S)
Batting: RHB Javier López 0-0: Ball
1-0: Swinging Strike
1-1: Hit by Pitch
Batting: RHB Akke Derksen 0-0: SINGLE (Line Drive, 4D)
Javier López to second
Runner from 2nd tries for 3rd, SAFE, no throw
Batting: LHB Robby Young 0-0: Foul Ball, location: 2F
0-1: Called Strike
0-2: Ball
1-2: Reached on error, E6 (Groundball, 6)
Javier López scores
Akke Derksen to second
Batting: LHB Austin Hathaway 0-0: Ball
1-0: Called Strike
1-1: SINGLE (Groundball, 56D)
Akke Derksen to third
Robby Young to second
Runner from 3rd tries for Home, SAFE, no throw
Batting: LHB Cris Gonzáles 0-0: Foul Ball, location: 2F
0-1: Called Strike
Robby Young steals 3rd base
0-2: Ball
1-2: Fly out, F9 (Flyball, 9LS)
Runner from 3rd tags up, SCORES, no throw
Batting: RHB Randy Rehling 0-0: Ball
1-0: Ball
2-0: Foul Ball, location: 2F
2-1: Ball
3-1: Foul Ball, location: 2F
3-2: 2-RUN HOME RUN (Line Drive, 9D), Distance : 375 ft
Batting: SHB Adrián Zamudio 0-0: Ball
1-0: Ground out U3 (Groundball, 3)
Bottom of the 3rd over - 5 runs, 3 hits, 1 error, 0 left on base; Sioux Falls 0 - Gryfindor 5
TOP OF THE 4TH
Sioux Falls Red Pandas batting - Pitching for Gryfindor Braves : LHP Javier Roldán
Batting: RHB Oliver Aranda 0-0: Foul Ball, location: 2F
0-1: Ball
1-1: Ball
2-1: Foul Ball, location: 2F
2-2: Ball
3-2: SOLO HOME RUN (Flyball, 7LD), Distance : 363 ft
Batting: RHB Eric D'Angle 0-0: Ball
1-0: Called Strike
1-1: Called Strike
1-2: Foul Ball, location: 2F
1-2: SINGLE (Groundball, 4MD)
Batting: RHB Miguel Morán 0-0: Ball
1-0: Foul Ball, location: 2F
1-1: Fielders Choice at 2nd, 1-6 (Groundball, 13S)
Batting: RHB Steve Irwin 0-0: Ball
1-0: Ball
2-0: Ground out 5-3 (Groundball, 56S)
Miguel Morán to second
Batting: LHB Jorge Vélez 0-0: Ball
1-0: Foul Ball, location: 2F
1-1: Swinging Strike
1-2: Ball
2-2: Ball
3-2: Foul Ball, location: 2F
3-2: Base on Balls
Batting: RHB Martinus Xhaka 0-0: Swinging Strike
0-1: Ball
1-1: Called Strike
1-2: Ball
2-2: Strikes out swinging
Top of the 4th over - 1 run, 2 hits, 0 errors, 2 left on base; Sioux Falls 1 - Gryfindor 5
BOTTOM OF THE 4TH
Gryfindor Braves batting - Pitching for Sioux Falls Red Pandas : RHP Domingo Velasco
Pitching: RHP Curt Wright
Batting: RHB Ernesto Souza 0-0: Called Strike
0-1: Called Strike
0-2: Ball
1-2: Foul Ball, location: 2F
1-2: Ball
2-2: Ball
3-2: Ground out 6-3 (Groundball, 6)
Batting: LHB José Cuervo 0-0: Ball
1-0: Called Strike
1-1: Hit by Pitch
Batting: RHB Javier López 0-0: Called Strike
0-1: Ball
José Cuervo steals 2nd base
1-1: Ball
2-1: Ground out 1-3 (Groundball, 15S)
Batting: RHB Akke Derksen 0-0: Ball
1-0: Ball
Wild Pitch!
José Cuervo to third
2-0: Ground out 1-3 (Groundball, 13)
Bottom of the 4th over - 0 runs, 0 hits, 0 errors, 1 left on base; Sioux Falls 1 - Gryfindor 5
TOP OF THE 5TH
Sioux Falls Red Pandas batting - Pitching for Gryfindor Braves : LHP Javier Roldán
Batting: RHB Enrique Morales 0-0: Fly out, F7 (Flyball, 7D)
Batting: RHB Wilfred McLaughlin 0-0: Foul Ball, location: 2F
0-1: Ball
1-1: Ball
2-1: Fly out, F9 (Flyball, 89D)
Batting: RHB Gary Chalmers 0-0: Called Strike
0-1: SINGLE (Line Drive, 9S)
Batting: RHB Oliver Aranda 0-0: Ball
1-0: Swinging Strike
1-1: Foul Ball, location: 2F
1-2: SINGLE (Groundball, 6MD)
Gary Chalmers to second
Runner from 2nd tries for 3rd, SAFE, no throw
Batting: RHB Eric D'Angle 0-0: Ball
1-0: Swinging Strike
1-1: Foul Ball, location: 2F
1-2: Fly out, F7 (Flyball, 7S)
Top of the 5th over - 0 runs, 2 hits, 0 errors, 2 left on base; Sioux Falls 1 - Gryfindor 5
BOTTOM OF THE 5TH
Gryfindor Braves batting - Pitching for Sioux Falls Red Pandas : RHP Curt Wright
Batting: LHB Robby Young 0-0: Called Strike
0-1: Ball
1-1: Ground out 3-1 (Groundball, 34S)
Batting: LHB Austin Hathaway 0-0: Ball
1-0: Called Strike
1-1: Called Strike
1-2: Ground out 4-3 (Groundball, 4)
Batting: LHB Cris Gonzáles 0-0: Ball
1-0: SOLO HOME RUN (Line Drive, 9LD), Distance : 339 ft
Batting: RHB Randy Rehling 0-0: Ball
1-0: Swinging Strike
Error on foul ball, E9
1-2: Fly out, F9 (Line Drive, 9S)
Bottom of the 5th over - 1 run, 1 hit, 1 error, 0 left on base; Sioux Falls 1 - Gryfindor 6
TOP OF THE 6TH
Sioux Falls Red Pandas batting - Pitching for Gryfindor Braves : LHP Javier Roldán
Batting: RHB Miguel Morán 0-0: Foul Ball, location: 2F
0-1: Ground out 5-3 (Groundball, 56S)
Batting: RHB Steve Irwin 0-0: DOUBLE (Line Drive, 8LD)
Batting: LHB Jorge Vélez 0-0: Swinging Strike
0-1: Foul Ball, location: 2F
0-2: Foul Ball, location: 2F
0-2: Strikes out swinging
Batting: RHB Martinus Xhaka 0-0: Called Strike
0-1: Called Strike
0-2: Foul Ball, location: 2F
0-2: Fly out, F8 (Flyball, 89M)
Top of the 6th over - 0 runs, 1 hit, 0 errors, 1 left on base; Sioux Falls 1 - Gryfindor 6
BOTTOM OF THE 6TH
Gryfindor Braves batting - Pitching for Sioux Falls Red Pandas : RHP Curt Wright
Batting: SHB Adrián Zamudio 0-0: Foul Ball, location: 2F
0-1: Ball
1-1: Ball
2-1: Ball
3-1: Called Strike
3-2: Base on Balls
Batting: RHB Ernesto Souza 0-0: Called Strike
0-1: Foul Ball, location: 2F
0-2: Fly out, F7 (Flyball, 7LS)
Batting: LHB José Cuervo 0-0: Ball
1-0: Ball
2-0: Ball
3-0: Called Strike
3-1: Base on Balls
Adrián Zamudio to second
Batting: RHB Javier López 0-0: SINGLE (Line Drive, 6)
Adrián Zamudio to third
José Cuervo to second
Batting: RHB Akke Derksen 0-0: Ball
1-0: Ball
2-0: Foul Ball, location: 2F
2-1: Foul Ball, location: 2F
2-2: Ball
3-2: Base on Balls
Adrián Zamudio scores
José Cuervo to third
Javier López to second
Batting: LHB Robby Young 0-0: TRIPLE (Line Drive, 78XD)
José Cuervo scores
Javier López scores
Akke Derksen scores
Batting: LHB Austin Hathaway 0-0: Swinging Strike
0-1: Ball
1-1: Foul Ball, location: 2F
1-2: Foul Ball, location: 2F
1-2: Ball
2-2: Foul Ball, location: 2F
2-2: SINGLE (Groundball, 34D)
Robby Young scores
Pitching: LHP Aurelio Ornelas
Batting: LHB Cris Gonzáles 0-0: Swinging Strike
0-1: Swinging Strike
0-2: Strikes out swinging
Batting: RHB Randy Rehling 0-0: Ball
1-0: Ball
2-0: SINGLE (Groundball, 34D)
Austin Hathaway to second
Runner from 2nd tries for 3rd, SAFE, no throw
Batting: SHB Adrián Zamudio 0-0: Fielders Choice at 2nd, 5-4 (Groundball, 56)
Bottom of the 6th over - 5 runs, 4 hits, 0 errors, 2 left on base; Sioux Falls 1 - Gryfindor 11
TOP OF THE 7TH
Sioux Falls Red Pandas batting - Pitching for Gryfindor Braves : LHP Javier Roldán
Batting: RHB Enrique Morales 0-0: Ball
1-0: Foul Ball, location: 2F
1-1: Ball
2-1: SINGLE (Line Drive, 78S)
Batting: RHB Wilfred McLaughlin 0-0: Ball
1-0: Ball
Enrique Morales steals 2nd base
2-0: Ball
3-0: Called Strike
3-1: Base on Balls
Pitching: RHP Brian Peeks
Batting: RHB Gary Chalmers 0-0: Hit by Pitch
Enrique Morales to third
Wilfred McLaughlin to second
Batting: RHB Oliver Aranda 0-0: Foul Ball, location: 2F
0-1: Ball
1-1: Foul Ball, location: 2F
1-2: Strikes out swinging
Batting: RHB Eric D'Angle 0-0: Ball
1-0: Foul Ball, location: 2F
1-1: Called Strike
1-2: Ball
2-2: Fly out, F9 (Line Drive, 9D)
Runner from 3rd tags up, SCORES, no throw
Batting: RHB Miguel Morán 0-0: SINGLE (Flyball, 8RS)
Wilfred McLaughlin to third
Gary Chalmers to second
Runner from 3rd tries for Home, SAFE, no throw
Batting: RHB Steve Irwin 0-0: Called Strike
0-1: DOUBLE (Line Drive, 78S)
Gary Chalmers scores
Miguel Morán to third
Runner from 3rd tries for Home, SAFE, no throw
Batting: LHB Jorge Vélez 0-0: Ground out 4-3 (Groundball, 4)
Top of the 7th over - 4 runs, 3 hits, 0 errors, 1 left on base; Sioux Falls 5 - Gryfindor 11
BOTTOM OF THE 7TH
Gryfindor Braves batting - Pitching for Sioux Falls Red Pandas : LHP Aurelio Ornelas
Batting: RHB Ernesto Souza 0-0: Called Strike
0-1: Ball
1-1: Called Strike
1-2: Ball
2-2: Ball
3-2: Foul Ball, location: 2F
3-2: Ground out 4-3 (Groundball, 4S)
Batting: LHB José Cuervo 0-0: Ball
1-0: DOUBLE (Line Drive, 3D)
Batting: RHB Javier López 0-0: Swinging Strike
0-1: Foul Ball, location: 2F
0-2: Ball
1-2: Ball
2-2: Ground out 4-3 (Groundball, 4S)
José Cuervo to third
Batting: RHB Akke Derksen 0-0: Ball
1-0: Ball
2-0: Ball
3-0: Foul Ball, location: 2F
3-1: Fly out, F8 (Line Drive, 8LM)
Bottom of the 7th over - 0 runs, 1 hit, 0 errors, 1 left on base; Sioux Falls 5 - Gryfindor 11
TOP OF THE 8TH
Sioux Falls Red Pandas batting - Pitching for Gryfindor Braves : RHP Brian Peeks
Batting: RHB Martinus Xhaka 0-0: Ground out 6-3 (Groundball, 6)
Batting: RHB Enrique Morales 0-0: Ball
1-0: Ball
2-0: Swinging Strike
2-1: Swinging Strike
2-2: Strikes out looking
Batting: RHB Wilfred McLaughlin 0-0: Ball
1-0: Ball
2-0: Ball
3-0: Swinging Strike
3-1: Called Strike
3-2: Strikes out swinging
Top of the 8th over - 0 runs, 0 hits, 0 errors, 0 left on base; Sioux Falls 5 - Gryfindor 11
BOTTOM OF THE 8TH
Gryfindor Braves batting - Pitching for Sioux Falls Red Pandas : LHP Aurelio Ornelas
Batting: LHB Robby Young 0-0: Ball
1-0: Ball
2-0: Ball
3-0: Called Strike
3-1: Ground out U3 (Groundball, 3)
Batting: LHB Austin Hathaway 0-0: Ball
1-0: Ball
2-0: Called Strike
2-1: Swinging Strike
2-2: Foul Ball, location: 2F
2-2: Ball
3-2: Base on Balls
Batting: LHB Cris Gonzáles 0-0: Swinging Strike
0-1: Ball
1-1: DOUBLE (Line Drive, 3D)
Austin Hathaway to third
Batting: RHB Randy Rehling 0-0: Called Strike
0-1: Ball
1-1: Ball
2-1: SINGLE (Groundball, 6MD)
Austin Hathaway scores
Cris Gonzáles to third
Batting: SHB Adrián Zamudio 0-0: Ball
1-0: Foul Ball, location: 2F
1-1: Foul Ball, location: 2F
1-2: Foul Ball, location: 2F
1-2: Grounds into double play, 4-6-3 (Groundball, 4M)
Bottom of the 8th over - 1 run, 2 hits, 0 errors, 1 left on base; Sioux Falls 5 - Gryfindor 12
TOP OF THE 9TH
Sioux Falls Red Pandas batting - Pitching for Gryfindor Braves : RHP Brian Peeks
Now at 1B: Tyler Knopp
Batting: RHB Gary Chalmers 0-0: Foul Ball, location: 2F
0-1: Ball
1-1: Ball
2-1: Swinging Strike
2-2: Strikes out swinging
Batting: RHB Oliver Aranda 0-0: Called Strike
0-1: SOLO HOME RUN (Flyball, 7D), Distance : 368 ft
Batting: RHB Eric D'Angle 0-0: Called Strike
0-1: Ball
1-1: Ball
2-1: Called Strike
2-2: Ball
3-2: Ground out 1-3 (Groundball, P)
Batting: RHB Miguel Morán 0-0: Called Strike
0-1: Fly out, F4 (Line Drive, 4)
Top of the 9th over - 1 run, 1 hit, 0 errors, 0 left on base; Sioux Falls 6 - Gryfindor 12
Friday, March 29th, 2019 - OOTP Baseball 18.8 Build 76